TOP OF THE 1ST |
Chula Vista Tacos batting - Pitching for Seattle Rainiers : RHP Ryan Thompson
|
Pitching: RHP Ryan Thompson
|
|
Batting: RHB Matt O'Rourke
|
0-0: Ball 1-0: Ball 2-0: Called Strike 2-1: Foul Ball, location: 2F 2-2: Strikes out looking
|
Batting: RHB Preston Wooten
|
0-0: Ball 1-0: Ball 2-0: SINGLE (Line Drive, 56)
|
Batting: LHB Nick Hill
|
0-0: Called Strike Preston Wooten steals 2nd base 0-1: Called Strike 0-2: DOUBLE (Line Drive, 8RD) Preston Wooten scores
|
Batting: RHB Jake Lawrence
|
0-0: Foul Ball, location: 2F 0-1: Ball 1-1: Ground out 5-3 (Groundball, 5)
|
Batting: LHB Roderick Delgado
|
0-0: Foul Ball, location: 2F 0-1: Foul Ball, location: 2F 0-2: Strikes out swinging
|
Top of the 1st over - 1 run(s), 2 hit(s), 0 error(s), 1 left on base; Chula Vista 1 - Seattle 0 |
BOTTOM OF THE 1ST |
Seattle Rainiers batting - Pitching for Chula Vista Tacos : RHP Chris Jacobs
|
Pitching: RHP Chris Jacobs
|
|
Batting: LHB Ramón Ramírez
|
0-0: Swinging Strike 0-1: Swinging Strike 0-2: Foul Ball, location: 2F 0-2: Fly out, F7 (Flyball, 7S)
|
Batting: RHB Chad Battle
|
0-0: Ground out 5-3 (Groundball, 56)
|
Batting: RHB Jesús Ortíz
|
0-0: Ball 1-0: Called Strike 1-1: Swinging Strike 1-2: Strikes out swinging
|
Bottom of the 1st over - 0 run(s), 0 hit(s), 0 error(s), 0 left on base; Chula Vista 1 - Seattle 0 |
TOP OF THE 2ND |
Chula Vista Tacos batting - Pitching for Seattle Rainiers : RHP Ryan Thompson
|
Batting: RHB Ron Garrett
|
0-0: SINGLE (Flyball, 6MD)
|
Batting: LHB Jean Beauchemin
|
0-0: Called Strike 0-1: Swinging Strike 0-2: Ball 1-2: Foul Ball, location: 2F 1-2: Strikes out swinging
|
Batting: RHB Germán Ontiveros
|
0-0: Called Strike 0-1: Ball 1-1: Ball 2-1: Called Strike 2-2: Ball 3-2: SINGLE (Groundball, 56D) Ron Garrett to second
|
Batting: RHB Domynguos Tabucchi
|
0-0: Called Strike 0-1: Swinging Strike 0-2: Foul Ball, location: 2F 0-2: Foul Ball, location: 2F 0-2: Ball 1-2: Ball 2-2: Ball 3-2: Base on Balls Ron Garrett to third Germán Ontiveros to second
|
Batting: RHB Matt O'Rourke
|
0-0: Ball 1-0: Called Strike 1-1: Grounds into double play, 6-4-3 (Groundball, 6)
|
Top of the 2nd over - 0 run(s), 2 hit(s), 0 error(s), 2 left on base; Chula Vista 1 - Seattle 0 |
BOTTOM OF THE 2ND |
Seattle Rainiers batting - Pitching for Chula Vista Tacos : RHP Chris Jacobs
|
Batting: RHB Richie Sawyer
|
0-0: Foul Ball, location: 2F 0-1: Called Strike 0-2: Ball 1-2: Foul Ball, location: 2F 1-2: Ball 2-2: SINGLE (Groundball, 34D)
|
Batting: RHB Juan Bruno
|
0-0: Called Strike 0-1: Called Strike Balk! Richie Sawyer to second 0-2: Ball 1-2: Ball 2-2: DOUBLE (Line Drive, 9LM) Richie Sawyer scores
|
Batting: RHB Roberto Casas
|
0-0: Ball 1-0: Foul Ball, location: 2F 1-1: Ball 2-1: Foul Ball, location: 2F 2-2: Strikes out swinging
|
Batting: RHB Steve Smith
|
0-0: Called Strike 0-1: Ball 1-1: Foul Ball, location: 2F 1-2: Ground out 5-3 (Groundball, 56)
|
Batting: SHB Troy Holland
|
0-0: Foul Ball, location: 2F 0-1: Swinging Strike 0-2: Ball 1-2: Ball 2-2: Ball 3-2: Strikes out looking
|
Bottom of the 2nd over - 1 run(s), 2 hit(s), 0 error(s), 1 left on base; Chula Vista 1 - Seattle 1 |
TOP OF THE 3RD |
Chula Vista Tacos batting - Pitching for Seattle Rainiers : RHP Ryan Thompson
|
Batting: RHB Preston Wooten
|
0-0: Ball 1-0: Called Strike 1-1: Ball 2-1: Ball 3-1: Base on Balls
|
Batting: LHB Nick Hill
|
0-0: Called Strike 0-1: Grounds into double play, 4-6-3 (Groundball, 4)
|
Batting: RHB Jake Lawrence
|
0-0: Called Strike 0-1: Called Strike 0-2: Ball 1-2: Ball 2-2: Fly out, F5 (Line Drive, 5)
|
Top of the 3rd over - 0 run(s), 0 hit(s), 0 error(s), 0 left on base; Chula Vista 1 - Seattle 1 |
BOTTOM OF THE 3RD |
Seattle Rainiers batting - Pitching for Chula Vista Tacos : RHP Chris Jacobs
|
Batting: SHB Dwight Hill
|
0-0: Called Strike 0-1: Ball 1-1: Foul Ball, location: 2F 1-2: Foul Ball, location: 2F 1-2: Strikes out swinging
|
Batting: LHB Ramón Ramírez
|
0-0: Ground out 4-3 (Groundball, 4)
|
Batting: RHB Chad Battle
|
0-0: Ball 1-0: Ground out 1-3 (Groundball, 13)
|
Bottom of the 3rd over - 0 run(s), 0 hit(s), 0 error(s), 0 left on base; Chula Vista 1 - Seattle 1 |
TOP OF THE 4TH |
Chula Vista Tacos batting - Pitching for Seattle Rainiers : RHP Ryan Thompson
|
Batting: LHB Roderick Delgado
|
0-0: Ball 1-0: Ground out 5-3 (Groundball, 5L)
|
Batting: RHB Ron Garrett
|
0-0: Ball 1-0: Swinging Strike 1-1: Ball 2-1: Swinging Strike 2-2: Ball 3-2: Strikes out looking
|
Batting: LHB Jean Beauchemin
|
0-0: Called Strike 0-1: Ball 1-1: Swinging Strike 1-2: Foul Ball, location: 2F 1-2: Fly out, F7 (Flyball, 7LS)
|
Top of the 4th over - 0 run(s), 0 hit(s), 0 error(s), 0 left on base; Chula Vista 1 - Seattle 1 |
BOTTOM OF THE 4TH |
Seattle Rainiers batting - Pitching for Chula Vista Tacos : RHP Chris Jacobs
|
Batting: RHB Jesús Ortíz
|
0-0: Swinging Strike 0-1: Ball 1-1: Swinging Strike 1-2: Ball 2-2: Fly out, F9 (Flyball, 9LM)
|
Batting: RHB Richie Sawyer
|
0-0: SINGLE (Groundball, 5D)
|
Batting: RHB Juan Bruno
|
0-0: Called Strike 0-1: SINGLE (Line Drive, 78S) Richie Sawyer to second
|
Batting: RHB Roberto Casas
|
0-0: Ball 1-0: Foul Ball, location: 2F 1-1: Ball 2-1: Foul Ball, location: 2F 2-2: Foul Ball, location: 2F 2-2: Strikes out swinging
|
Batting: RHB Steve Smith
|
0-0: Ball 1-0: Swinging Strike 1-1: Foul Ball, location: 2F 1-2: SINGLE (Groundball, 6MD) Richie Sawyer to third Juan Bruno to second Runner from 3rd tries for Home, throw and OUT!
|
Bottom of the 4th over - 0 run(s), 3 hit(s), 0 error(s), 2 left on base; Chula Vista 1 - Seattle 1 |
TOP OF THE 5TH |
Chula Vista Tacos batting - Pitching for Seattle Rainiers : RHP Ryan Thompson
|
Batting: RHB Germán Ontiveros
|
0-0: Foul Ball, location: 2F 0-1: Foul Ball, location: 2F 0-2: Strikes out looking
|
Batting: RHB Domynguos Tabucchi
|
0-0: Ball 1-0: Called Strike 1-1: SINGLE (Line Drive, 6MD)
|
Batting: RHB Matt O'Rourke
|
0-0: Ball 1-0: Called Strike 1-1: Ball 2-1: Fly out, F7 (Flyball, 7LS)
|
Batting: RHB Preston Wooten
|
0-0: Ball 1-0: Ball 2-0: Ball 3-0: Called Strike 3-1: Fielders Choice at 2nd, 6-4 (Groundball, 6)
|
Top of the 5th over - 0 run(s), 1 hit(s), 0 error(s), 0 left on base; Chula Vista 1 - Seattle 1 |
BOTTOM OF THE 5TH |
Seattle Rainiers batting - Pitching for Chula Vista Tacos : RHP Chris Jacobs
|
Batting: SHB Troy Holland
|
0-0: Called Strike 0-1: Bunted foul 0-2: Ball 1-2: Ball 2-2: Strikes out swinging
|
Batting: SHB Dwight Hill
|
0-0: Ball 1-0: Ground out 3-1 (Groundball, 34S)
|
Batting: LHB Ramón Ramírez
|
0-0: Hit by Pitch
|
Batting: RHB Chad Battle
|
0-0: Ball Ramón Ramírez is caught stealing 2nd base
|
Bottom of the 5th over - 0 run(s), 0 hit(s), 0 error(s), 0 left on base; Chula Vista 1 - Seattle 1 |
TOP OF THE 6TH |
Chula Vista Tacos batting - Pitching for Seattle Rainiers : RHP Ryan Thompson
|
Batting: LHB Nick Hill
|
0-0: Fly out, F9 (Flyball, 9)
|
Batting: RHB Jake Lawrence
|
0-0: Ground out 6-3 (Groundball, 6)
|
Batting: LHB Roderick Delgado
|
0-0: Ball 1-0: Foul Ball, location: 2F 1-1: Ground out 6-3 (Groundball, 6)
|
Top of the 6th over - 0 run(s), 0 hit(s), 0 error(s), 0 left on base; Chula Vista 1 - Seattle 1 |
BOTTOM OF THE 6TH |
Seattle Rainiers batting - Pitching for Chula Vista Tacos : RHP Chris Jacobs
|
Batting: RHB Chad Battle
|
0-0: Ball 1-0: Ball 2-0: Called Strike 2-1: SOLO HOME RUN (Flyball, 8LXD), Distance : 444 ft
|
Batting: RHB Jesús Ortíz
|
0-0: Ball 1-0: Foul Ball, location: 2F 1-1: Ball 2-1: Foul Ball, location: 2F 2-2: Fly out, F3 (Flyball, 34D)
|
Batting: RHB Richie Sawyer
|
0-0: Ball 1-0: Called Strike 1-1: Ball 2-1: Ball 3-1: Foul Ball, location: 2F 3-2: Ground out 5-3 (Groundball, 5)
|
Batting: RHB Juan Bruno
|
0-0: Called Strike 0-1: Called Strike 0-2: Strikes out looking
|
Bottom of the 6th over - 1 run(s), 1 hit(s), 0 error(s), 0 left on base; Chula Vista 1 - Seattle 2 |
TOP OF THE 7TH |
Chula Vista Tacos batting - Pitching for Seattle Rainiers : RHP Ryan Thompson
|
Pitching: RHP Les Johnston
|
|
Batting: RHB Ron Garrett
|
0-0: Called Strike 0-1: Ball 1-1: Called Strike 1-2: Ground out 4-3 (Groundball, 4)
|
Batting: LHB Jean Beauchemin
|
0-0: Ball 1-0: Foul Ball, location: 2F 1-1: Fly out, F3 (Popup, 3)
|
Batting: RHB Germán Ontiveros
|
0-0: Called Strike 0-1: Ball 1-1: Ball 2-1: SOLO HOME RUN (Flyball, 78XD), Distance : 411 ft
|
Pinch Hitting: SHB Tony Varela
|
0-0: Ball 1-0: Called Strike 1-1: Foul Ball, location: 2F 1-2: DOUBLE (Line Drive, 9LM)
|
Batting: RHB Matt O'Rourke
|
0-0: Ball 1-0: Called Strike 1-1: Swinging Strike 1-2: Strikes out swinging
|
Top of the 7th over - 1 run(s), 2 hit(s), 0 error(s), 1 left on base; Chula Vista 2 - Seattle 2 |
BOTTOM OF THE 7TH |
Seattle Rainiers batting - Pitching for Chula Vista Tacos : RHP Chris Jacobs
|
Pitching: RHP Carlos Madraso
|
|
Now at 2B: Tony Varela
|
|
Pinch Hitting: RHB Mike Russell
|
0-0: Ball 1-0: Ball 2-0: Called Strike 2-1: Ball 3-1: Base on Balls
|
Batting: RHB Steve Smith
|
0-0: Bunted foul 0-1: Sac Bunt - play at first, batter OUT! 1-4 Mike Russell to second
|
Pinch Hitting: LHB Darren Cook
|
0-0: Intentional Walk
|
Pinch Hitting: RHB John Eaves
|
0-0: Ball 1-0: Swinging Strike 1-1: Ball 2-1: Called Strike 2-2: Foul Ball, location: 2F 2-2: Strikes out looking
|
Batting: LHB Ramón Ramírez
|
0-0: SINGLE (Line Drive, 56) Mike Russell to third Darren Cook to second
|
Batting: RHB Chad Battle
|
0-0: Ball 1-0: Ball 2-0: Swinging Strike 2-1: Ball 3-1: Fly out, F4 (Popup, 3D)
|
Bottom of the 7th over - 0 run(s), 1 hit(s), 0 error(s), 3 left on base; Chula Vista 2 - Seattle 2 |
TOP OF THE 8TH |
Chula Vista Tacos batting - Pitching for Seattle Rainiers : RHP Les Johnston
|
Now at 1B: Mike Russell
|
|
Now at 2B: Darren Cook
|
|
Now at SS: John Eaves
|
|
Pinch Hitting: RHB Juan García
|
0-0: Swinging Strike 0-1: Called Strike 0-2: Foul Ball, location: 2F 0-2: Ball 1-2: Ball 2-2: Strikes out swinging
|
Batting: LHB Nick Hill
|
0-0: Fly out, F7 (Flyball, 7LMF)
|
Batting: RHB Jake Lawrence
|
0-0: Swinging Strike 0-1: Foul Ball, location: 2F 0-2: Strikes out looking
|
Top of the 8th over - 0 run(s), 0 hit(s), 0 error(s), 0 left on base; Chula Vista 2 - Seattle 2 |
BOTTOM OF THE 8TH |
Seattle Rainiers batting - Pitching for Chula Vista Tacos : RHP Carlos Madraso
|
Now in LF: Guillermo Deleón
|
|
Batting: RHB Jesús Ortíz
|
0-0: Fly out, F5 (Popup, 56)
|
Batting: RHB Richie Sawyer
|
0-0: Called Strike 0-1: Swinging Strike 0-2: Hit by Pitch
|
Batting: RHB Juan Bruno
|
0-0: Ball 1-0: Ball 2-0: Foul Ball, location: 2F 2-1: Ball 3-1: Foul Ball, location: 2F 3-2: Ground out 4-3 (Groundball, 4) Richie Sawyer to second
|
Batting: RHB Mike Russell
|
0-0: Called Strike 0-1: Ball 1-1: Foul Ball, location: 2F 1-2: Ball 2-2: Strikes out looking
|
Bottom of the 8th over - 0 run(s), 0 hit(s), 0 error(s), 1 left on base; Chula Vista 2 - Seattle 2 |
TOP OF THE 9TH |
Chula Vista Tacos batting - Pitching for Seattle Rainiers : RHP Les Johnston
|
Pitching: LHP Vicente Mojica
|
|
Pinch Hitting: RHB Juan López
|
0-0: Swinging Strike 0-1: Ball 1-1: Foul Ball, location: 2F 1-2: SINGLE (Line Drive, 89S)
|
Batting: RHB Ron Garrett
|
0-0: Ball 1-0: Called Strike 1-1: Called Strike 1-2: Ball 2-2: Fly out, F7 (Flyball, 7LS)
|
Batting: LHB Jean Beauchemin
|
0-0: Ball 1-0: Called Strike 1-1: Foul Ball, location: 2F 1-2: Strikes out swinging
|
Batting: RHB Germán Ontiveros
|
0-0: Foul Ball, location: 2F 0-1: Ball 1-1: Ball 2-1: Ball 3-1: Swinging Strike 3-2: Base on Balls Juan López to second
|
Batting: SHB Tony Varela
|
0-0: Called Strike 0-1: Ball 1-1: Ball 2-1: Ball 3-1: Base on Balls Juan López to third Germán Ontiveros to second
|
Batting: RHB Matt O'Rourke
|
0-0: Foul Ball, location: 2F 0-1: Ball 1-1: Ball 2-1: Foul Ball, location: 2F 2-2: Ball 3-2: Strikes out swinging
|
Top of the 9th over - 0 run(s), 1 hit(s), 0 error(s), 3 left on base; Chula Vista 2 - Seattle 2 |
BOTTOM OF THE 9TH |
Seattle Rainiers batting - Pitching for Chula Vista Tacos : RHP Carlos Madraso
|
Now in CF: Esteban Zamora
|
|
Batting: RHB Steve Smith
|
0-0: Swinging Strike 0-1: Foul Ball, location: 2F 0-2: Strikes out looking
|
Batting: LHB Darren Cook
|
0-0: Ball 1-0: Ball 2-0: DOUBLE (Flyball, 7LM)
|
Batting: RHB John Eaves
|
0-0: Called Strike 0-1: Called Strike 0-2: Ball 1-2: Ground out 5-3 (Groundball, 56S) Darren Cook to third
|
Batting: LHB Ramón Ramírez
|
0-0: Ball 1-0: Fly out, F7 (Flyball, 78M)
|
Bottom of the 9th over - 0 run(s), 1 hit(s), 0 error(s), 1 left on base; Chula Vista 2 - Seattle 2 |
TOP OF THE 10TH |
Chula Vista Tacos batting - Pitching for Seattle Rainiers : LHP Vicente Mojica
|
Pinch Hitting: RHB Manuel Martínez
|
0-0: Ball 1-0: Swinging Strike 1-1: Fly out, F9 (Flyball, 9)
|
Batting: LHB Nick Hill
|
0-0: Fly out, F7 (Flyball, 7S)
|
Batting: RHB Jake Lawrence
|
0-0: Called Strike 0-1: Ball 1-1: Ground out 6-3 (Groundball, 6)
|
Top of the 10th over - 0 run(s), 0 hit(s), 0 error(s), 0 left on base; Chula Vista 2 - Seattle 2 |
BOTTOM OF THE 10TH |
Seattle Rainiers batting - Pitching for Chula Vista Tacos : RHP Carlos Madraso
|
Pitching: LHP Doug Ledoux
|
|
Now in LF: Joe Lowery
|
|
Batting: RHB Chad Battle
|
0-0: Ball 1-0: Foul Ball, location: 2F 1-1: Ball 2-1: Ball 3-1: Called Strike 3-2: DOUBLE (Flyball, 8LXD)
|
Batting: RHB Jesús Ortíz
|
0-0: Intentional Walk
|
Batting: RHB Richie Sawyer
|
0-0: Ball 1-0: Called Strike 1-1: Called Strike 1-2: Strikes out swinging
|
Batting: RHB Juan Bruno
|
0-0: Foul Ball, location: 2F 0-1: Ball 1-1: Foul Ball, location: 2F 1-2: Hit by Pitch Chad Battle to third Jesús Ortíz to second
|
Batting: RHB Mike Russell
|
0-0: Ball 1-0: Ball 2-0: Fly out, F9 (Flyball, 9S)
|
Batting: RHB Steve Smith
|
0-0: Ball 1-0: Ball 2-0: Ball 3-0: Base on Balls Chad Battle scores Jesús Ortíz to third Juan Bruno to second
|
Tuesday, August 8th, 2017 - OOTP Baseball 17.12 Build 75
|
|